 Dungeon Sprint DCSS version 0.28.0-43-g3370ac3207 (webtiles) character file.

Game seed: 767046476282737814

2639 boopmooplesden the Impaler (level 9, -5/100 HPs)
             Began as a Minotaur Berserker on Mar 16, 2022.
             Was an Elder of Trog.
             Killed from afar by an oklob plant (31 damage)
             ... with a splash of acid
             ... in the Dungeon (Sprint I: "Red Sonja").
             The game lasted 00:01:41 (977 turns).

boopmooplesden the Impaler (Minotaur Berserker)      Turns: 977, Time: 00:01:42

Health: -5/100     AC:  1    Str: 23    XL:     9   Next: 35%
Magic:  8/8        EV: 15    Int:  4    God:    Trog [****..]
Gold:   306        SH:  5    Dex: 13    Spells: 8/8 levels left

rFire   . . .      SeeInvis .   a - +0 spear
rCold   . . .      Faith    .   k - +1 buckler {reflect}
rNeg    . . .      Spirit   .   j - +0 leather armour
rPois   .          Reflect  +   (helmet restricted)
rElec   .          Harm     .   l - +0 cloak
rCorr   .          Rampage  .   (no gloves)
Will    .....      NoTele   +   (no boots)
Stlth   +.........              (no amulet)
HPRegen 0.26/turn               (no ring)
MPRegen 0.11/turn               (no ring)

@: corroded, on berserk cooldown, slowed, very slow
A: horns 2, retaliatory headbutt
a: Renounce Religion, Berserk, Trog's Hand, Brothers in Arms


You were in the Dungeon.
You worshipped Trog.
Trog was greatly pleased with you.
You visited 1 branch You collected 539 gold pieces.
You spent 233 gold pieces at shops.

Inventory:

Hand Weapons
 a - a +0 spear (weapon)
Armour
 b - a +0 animal skin
 j - a +0 leather armour (worn)
 k - a +1 buckler of reflection (worn)
 l - a +0 cloak (worn)
Wands
 i - a wand of acid (2)
Scrolls
 h - a scroll of blinking
 m - a scroll of fear {unknown}
Potions
 c - a potion of curing
 d - a potion of heal wounds
 e - a potion of haste
 f - 2 potions of magic
 g - a potion of berserk rage


   Skills:
 + Level 16.2 Fighting
 + Level 16.3 Polearms
 + Level 8.5 Armour
 + Level 8.7 Dodging
 + Level 1.0 Shields


You had 8 spell levels left.
You didn't know any spells.
Your spell library was empty.

Dungeon Overview and Level Annotations

Branches:
Dungeon (1/1)

Altars:
Cheibriados
Dithmenos
Elyvilon
Fedhas
Gozag
Hepliaklqana
Kikubaaqudgha
Makhleb
Nemelex Xobeh
Okawaru
Qazlal
Ru
Sif Muna
Trog
Uskayaw
Vehumet
Wu Jian
Xom
Yredelemnul
Zin
The Shining One
Jiyva
Lugonu

Shops:
D [

Annotations:
D exclusion: oklob plant


Innate Abilities, Weirdness & Mutations

You have a pair of horns on your head.
You reflexively headbutt those who attack you in melee.


Message History

You hit the oklob plant but do no damage.
You headbutt the oklob plant!
The oklob plant is moderately damaged.
The oklob plant spits acid at you. The splash of acid hits you!
You hit the oklob plant but do no damage.
The oklob plant is moderately damaged.
You hit the oklob plant.
The oklob plant is moderately damaged.
You hit the oklob plant but do no damage.
The oklob plant is moderately damaged.
You're still recovering from your berserk rage.
You hit the oklob plant but do no damage.
The oklob plant is moderately damaged.
You hit the oklob plant.
You headbutt the oklob plant, but do no damage.
The oklob plant is heavily damaged.
You hit the oklob plant but do no damage.
The oklob plant is heavily damaged.
You completely miss the oklob plant.
The oklob plant is heavily damaged.
The oklob plant spits acid at you. The splash of acid hits you!!
* * * LOW HITPOINT WARNING * * *
You hit the oklob plant but do no damage.
You headbutt the oklob plant.
The oklob plant is heavily damaged.
You hit the oklob plant.
The oklob plant is severely damaged.
You hit the oklob plant but do no damage.
The oklob plant is severely damaged.
You hit the oklob plant but do no damage.
You headbutt the oklob plant, but do no damage.
The oklob plant is severely damaged.
You hit the oklob plant but do no damage.
You headbutt the oklob plant.
The oklob plant is severely damaged.
The oklob plant spits acid at you. The splash of acid hits you!!
You die...

###################
..#..'..#__#..')..#
..').#..'..'..#...#
#'#####'#__####...+
..#...#.####§§#####
###..##.#≈≈§.§#§§#
__##'#_.'§§)).§§§#
...'..._#≈≈≈..#§.#
__##_.#'##+#####@#
__###+#[# #P+ ###
### ###


You could see an oklob plant.

Vanquished Creatures
  2 centaur warriors (D)
  2 kobold demonologists (D)
  A hornet (D)
  A slime creature (D)
  Sigmund (D)
  A yak (D)
  A floating eye (D)
  An ogre (D)
  A jelly (D)
  Ijyb (D)
12 creatures vanquished.

Notes
Turn   | Place    | Note
-------+----------+-------------------------------------------
     0 | D        | boopmooplesden the Minotaur Berserker began the quest for
                  | the Orb.
     0 | D        | Reached XP level 1. HP: 19/19 MP: 0/0
     3 | D        | Noticed Ijyb
    10 | D        | Killed Ijyb
    11 | D        | Reached skill level 5 in Fighting
    11 | D        | Reached skill level 5 in Polearms
    11 | D        | Reached XP level 2. HP: 7/30 MP: 1/1
   248 | D        | Noticed an ogre
   253 | D        | Killed an ogre
   254 | D        | Reached XP level 3. HP: 40/40 MP: 2/2
   254 | D        | Reached XP level 4. HP: 48/48 MP: 3/3
   396 | D        | Noticed Sigmund
   403 | D        | Killed Sigmund
   403 | D        | Reached ** piety under Trog
   404 | D        | Reached skill level 10 in Fighting
   404 | D        | Reached skill level 10 in Polearms
   404 | D        | Reached skill level 5 in Armour
   404 | D        | Reached XP level 5. HP: 58/58 MP: 4/4
   404 | D        | Reached XP level 6. HP: 66/66 MP: 5/5
   446 | D        | Found a burning altar of Makhleb.
   446 | D        | Found a viscous altar of Jiyva.
   446 | D        | Found a shimmering altar of Xom.
   446 | D        | Found a corrupted altar of Lugonu.
   446 | D        | Noticed a slime creature
   454 | D        | Killed a slime creature
   455 | D        | Reached skill level 5 in Dodging
   499 | D        | Noticed a kobold demonologist
   500 | D        | Noticed a kobold demonologist
   501 | D        | Noticed a floating eye
   505 | D        | Noticed a red devil
   508 | D        | Killed a floating eye
   509 | D        | Reached XP level 7. HP: 75/75 MP: 6/6
   510 | D        | Killed a kobold demonologist
   510 | D        | Reached *** piety under Trog
   517 | D        | Killed a kobold demonologist
   518 | D        | Reached XP level 8. HP: 86/86 MP: 7/7
   527 | D        | Found an ornate altar of the Wu Jian Council.
   527 | D        | Found a shimmering blue altar of Sif Muna.
   529 | D        | Found a radiant altar of Vehumet.
   562 | D        | Found Wuzxexah's Armour Emporium.
   562 | D        | Found an ancient bone altar of Kikubaaqudgha.
   562 | D        | Found a hazy altar of Hepliaklqana.
   562 | D        | Found a stormy altar of Qazlal.
   562 | D        | Found a hide-covered altar of Uskayaw.
   562 | D        | Found a blossoming altar of Fedhas.
   562 | D        | Found a bloodstained altar of Trog.
   562 | D        | Found an iron altar of Okawaru.
   562 | D        | Found a basalt altar of Yredelemnul.
   562 | D        | Found a glowing golden altar of the Shining One.
   562 | D        | Found a snail-covered altar of Cheibriados.
   562 | D        | Found a sacrificial altar of Ru.
   562 | D        | Found a glowing silver altar of Zin.
   562 | D        | Found a shadowy altar of Dithmenos.
   562 | D        | Found a white marble altar of Elyvilon.
   567 | D        | Found an opulent altar of Gozag.
   568 | D        | Found a sparkling altar of Nemelex Xobeh.
   572 | D        | Bought a +1 buckler of reflection for 175 gold pieces
   572 | D        | Bought a +0 cloak for 58 gold pieces
   590 | D        | Noticed a centaur warrior
   591 | D        | Noticed a centaur warrior
   602 | D        | Killed a centaur warrior
   602 | D        | Reached **** piety under Trog
   603 | D        | Reached skill level 15 in Fighting
   603 | D        | Reached skill level 15 in Polearms
   612 | D        | Killed a centaur warrior
   613 | D        | Reached skill level 1 in Shields
   613 | D        | Reached XP level 9. HP: 17/100 MP: 8/8
   960 | D        | Noticed an oklob plant
   977 | D        | Killed from afar by an oklob plant

Illustrated notes

Levels and vault maps discovered:
D:        dungeon_sprint_1 [red_sonja_temple_1, red_sonja_temple_small_1]

Skill      XL: |  1  2  3  4  5  6  7  8  9 |
---------------+----------------------------+-----
Fighting       | 5 7 10 11 13 15 16 | 16.2
Polearms       | 5 7 10 12 13 16 | 16.3
Armour         | 3 4 5 6 7 8 |  8.5
Dodging        | 3 4 5 6 8 |  8.7
Shields        | 1 |  1.0

Action                   |  1- 3 |  4- 6 |  7- 9 || total
-------------------------+-------+-------+-------++-------
Melee: Spear             |    10 |    19 |    50 ||    79
       Headbutt          |     2 |     5 |    17 ||    24
Invok: Berserk           |     2 |     3 |     2 ||     7
Armor: Leather armour    |       |       |     7 ||     7
Dodge: Dodged            |     4 |     3 |     9 ||    16
Block: Buckler           |       |       |     5 ||     5
       Reflection        |       |       |     2 ||     2
